 Dungeon Crawl Stone Soup version 0.29-a0-993-g4a18f31a58 (webtiles) character file.

Game seed: 16913372291419093249

202 Sobieck the Sneak (level 5, -2/27 HPs)
             Began as a Vine Stalker Brigand on Aug 2, 2022.
             Slain by Pikel
             ... wielding a +1 whip of freezing
              (4 damage)
             ... on level 3 of the Dungeon.
             The game lasted 00:08:43 (3387 turns).

Sobieck the Sneak (Vine Stalker Brigand)            Turns: 3387, Time: 00:08:44

Health: -2/27      AC:  4    Str: 14    XL:     5   Next: 80%
Magic:  0/6        EV: 12    Int: 11    God:
Gold:   253        SH:  0    Dex: 17    Spells: 4/4 levels left

rFire   . . .      SeeInvis +   a - +3 short sword (elec) {short}
rCold   . . .      Faith    .   (no shield)
rNeg    . . .      Spirit   +   y - +0 robe
rPois   .          Reflect  .   C - +0 helmet
rElec   .          Harm     .   c - +0 cloak
rCorr   .          Rampage  .   (no gloves)
Will    .....                   (no boots)
Stlth   +++.......              (no amulet)
HPRegen 0.89/turn               v - ring of see invisible
MPRegen 0.10/turn               (no ring)

@: no status effects
A: fangs 2, regeneration 1, magic shield, antimagic bite, no potion heal 2
a: no special abilities


You were on level 3 of the Dungeon.
You visited 1 branch of the dungeon, and saw 5 of its levels.

You collected 253 gold pieces.


Innate Abilities, Weirdness & Mutations

You have extremely sharp teeth.
Your natural rate of healing is unusually fast.
When hurt, damage is shared between your health and your magic reserves.
Your bite disrupts and absorbs the magic of your enemies.
Potions cannot restore your health.


   Skills:
 + Level 2.7 Fighting
 * Level 3.4 Short Blades
 - Level 2.0 Throwing
 + Level 2.0 Dodging
 + Level 5.8 Stealth


You had 4 spell levels left.
You didn't know any spells.
Your spell library contained the following spells:

 Spells                   Type           Power      Damage    Failure   Level
 Summon Forest            Summ/Tloc      0%         N/A       100%        5
 Summon Mana Viper        Hex/Summ       0%         N/A       100%        5
 Summon Cactus Giant      Summ           0%         N/A       100%        6

Inventory:

Hand Weapons
 a - a +3 short sword of electrocution (weapon) {short}
   (You took it off a kobold on level 1 of the Dungeon)
 b - a +0 sling
   (You found it on level 2 of the Dungeon)
 g - a +2 dagger {short}
 i - a +2 dagger of holy wrath {short}
   (You took it off a kobold on level 1 of the Dungeon)
 z - a +3 hammer of draining
   (You found it on level 2 of the Dungeon)
 L - a +1 short sword of venom {short}
   (You took it off a kobold on level 3 of the Dungeon)
Missiles
 d - 13 poisoned darts (quivered) {throwing}
 e - 3 curare-tipped darts {=fthrowing}
 h - 41 stones {throwing}
Armour
 c - a +0 cloak (worn)
 n - a +0 chain mail
   (You found it on level 2 of the Dungeon)
 p - a +0 chain mail
   (You found it on level 2 of the Dungeon)
 q - a +0 leather armour
   (You found it on level 2 of the Dungeon)
 u - a +0 robe
   (You found it on level 2 of the Dungeon)
 w - a +0 ring mail
   (You found it on level 2 of the Dungeon)
 x - a +0 robe
   (You found it on level 2 of the Dungeon)
 y - a +0 robe (worn)
 B - a +0 scale mail
   (You found it on level 4 of the Dungeon)
 C - a +0 helmet (worn)
   (You found it on level 4 of the Dungeon)
 H - a +0 leather armour
   (You found it on level 4 of the Dungeon)
 I - a +0 pair of gloves
   (You found it on level 4 of the Dungeon)
 K - a +0 robe
   (You found it on level 3 of the Dungeon)
Magical Staves
 o - a staff of earth {!astaff}
   (You found it on level 2 of the Dungeon)
Jewellery
 v - a ring of see invisible (left hand)
   (You found it on level 4 of the Dungeon)
Wands
 f - a wand of paralysis (9)
   (You found it on level 4 of the Dungeon)
Scrolls
 r - 2 scrolls of teleportation {@r4}
 D - a scroll of magic mapping {!r}
 E - a scroll of blinking {!r}
 F - a scroll of butterflies {unknown}
Potions
 j - a potion of invisibility
 k - a potion of curing {unknown}
 l - a potion of attraction {unknown}
 m - 2 potions of mutation {!q}
 s - a potion of berserk rage {!q}
 t - 2 potions of haste {@q3}
 A - a potion of flight {unknown}
 G - 2 potions of might

Dungeon Overview and Level Annotations

Branches:
Dungeon (5/15) Zot: 25727
 Temple: D:4-7

Altars:

Shops:
D:5 ?

Annotations:
D:2 1 runed translucent door, Crazy Yiuf
D:3 Pikel
D:4 Grinder

#######...#.#.....<.........###.#
# #..........######.###..# #.# #
#....#####.....<)..##..# #<# #
#....# #.###.##..##..# #.#
#######...# ##...#.##..##..# #.#
.....####.# ##......##..##..# #.#
####.###..###.......##..##..# #.#
..##.##.....................# #.#
#.#.>..........K@..........## #.#
...................####.#### #..
.#...........##....# #.# ##.
.............###.#.# #.# #.
...#...............# #.# #.
...........#.###.######.# #.
...........#..........>.# #.
..............##.######## #†
...#.#...........# ### #.


You could see Pikel.


Message History

L - a +3 short sword of electrocution {short} Adjust to which letter? (? for menu, Esc to quit)
a - a +3 short sword of electrocution {short}
L - a +1 short sword of venom (weapon)
{short} Your +1 short sword of venom {short} stops dripping with poison.
You hear the crackle of electricity.
a - a +3 short sword of electrocution (weapon)
{short} Unknown command.
Unknown command.
You climb upwards.
There is a stone staircase leading down here.
Unknown command.
You climb downwards.
Level annotation: Grinder
There is a stone staircase leading up here.
You see here a potion of heal wounds {@q2}.
Unknown command.
Unknown command.
f - a wand of paralysis (9) Unknown command.
Found a stone staircase leading down.
Unknown command.
v - a ring of see invisible
v - a ring of see invisible (left hand)
F - a scroll labelled ESA UBLAEN Unknown command.
I - a +0 pair of gloves Unknown command.
As you open the door, it creaks loudly!
Unknown command.
A lemure comes into view.
Danger!
Unknown command.
A lemure comes into view.
A lemure comes into view.
The lemure shouts!
The lemure moves out of view.
Pikel, Merchant of Souls comes into view.
He is wielding a +1 whip of freezing.
Unknown command.
The lemure attacks as you move away! The lemure hits you.
The lemure attacks as you move away! The lemure hits you.
The lemure attacks as you move away! The lemure misses you.
There is a stone staircase leading up here.
You see here a potion of heal wounds {@q2}.
The lemure closely misses you.
You climb upwards.
There is a stone staircase leading down here.
Unknown command.
You hit the lemure. The lemure hits you but does no damage.
You hit the lemure. The lemure barely misses you.
You hit the lemure but do no damage. The lemure barely misses you.
You completely miss the lemure. Your bite misses the lemure.
The lemure hits you but does no damage.
You barely miss the lemure. You bite the lemure. You drain its power.
The lemure hits you.
You hit the lemure but do no damage. Your bite misses the lemure.
The lemure hits you.
You hit the lemure. Your punch misses the lemure. You bite the lemure.
You drain its power.
You feel invigorated. The lemure hits you.
Unknown command.
You hit the lemure but do no damage. Lightning courses through the lemure!
You kill the lemure!
That felt strangely unrewarding.
There is a stone staircase leading down here.
You start resting.
You start resting.
You climb downwards.
Level annotation: Grinder, Pikel
There is a stone staircase leading up here.
You see here a potion of heal wounds {@q2}.
Danger!
Pikel closely misses you.
You climb upwards.
There is a stone staircase leading down here.
Unknown command.
You barely miss Pikel.
Pikel hits you with a +1 whip of freezing!
Pikel freezes you.
You hit Pikel. Lightning courses through Pikel! Your bite misses Pikel.
Pikel hits you with a +1 whip of freezing.
Pikel freezes you.
You hit Pikel. Lightning courses through Pikel! Your bite misses Pikel.
Pikel closely misses you.
Unknown command.
You completely miss Pikel. Your bite misses Pikel.
You hit Pikel but do no damage. Your bite misses Pikel.
Pikel hits you with a +1 whip of freezing.
Pikel freezes you.
* * * LOW HITPOINT WARNING * * *
You hit Pikel. Pikel misses you.
You hit Pikel but do no damage.
Pikel hits you with a +1 whip of freezing.
* * * LOW HITPOINT WARNING * * *
Pikel freezes you.
* * * LOW HITPOINT WARNING * * *
You hit Pikel. Your bite misses Pikel.
Pikel hits you with a +1 whip of freezing!
* * * LOW HITPOINT WARNING * * *
Pikel freezes you.
You die...

Skill      XL: |  1  2  3  4  5 |
---------------+----------------+-----
Dodging        | 1 2 |  2.0
Short Blades   | 2 3 |  3.4
Stealth        | 5 |  5.8
Fighting       | 2 |  2.7
Throwing       | 2 |  2.0

Action                   |  1- 3 |  4- 6 || total
-------------------------+-------+-------++-------
Melee: Dagger            |    30 |       ||    30
       Bite              |    15 |    19 ||    34
       Short sword       |    40 |    97 ||   137
       Punch             |     1 |       ||     1
 Fire: Sling             |       |    10 ||    10
Throw: Dart              |     6 |       ||     6
  Use: Scroll            |       |    12 ||    12
 Stab: Sleeping          |    11 |     6 ||    17
Armor: Robe              |    10 |    10 ||    20
Dodge: Dodged            |    27 |    59 ||    86

Levels and vault maps discovered:
D:1:      kb_arrival_jail, layout_loops_ring, basic_ecumenical_altar
D:2:      cheibrodos_greedy_goblins, layout_basic, minmay_tree_intersection,
          uniq_crazy_yiuf_cottage
D:3:      layout_loops_ring
D:4:      layout_basic, uniq_grinder, uniq_pikel
D:5:      layout_rooms, serial_shops, shop, kennysheep_path_1,
          minmay_misc_feat_iff

Notes
Turn   | Place    | Note
-------+----------+-------------------------------------------
     0 | D:1      | Sobieck the Vine Stalker Brigand began the quest for the
                  | Orb.
     0 | D:1      | Reached XP level 1. HP: 11/11 MP: 2/2
     2 | D:1      | Noticed an octopode
     4 | D:1      | Noticed an ogre
     6 | D:1      | Noticed a ghoul
     6 | D:1      | Noticed a human
     8 | D:1      | Noticed a minotaur
    10 | D:1      | Noticed an elf
    10 | D:1      | Noticed a dwarf
    12 | D:1      | Noticed a felid
    14 | D:1      | Noticed a gargoyle
    16 | D:1      | Noticed a spriggan
    16 | D:1      | Noticed a formicid
    19 | D:1      | Noticed a demonspawn
    21 | D:1      | Noticed a demigod
    21 | D:1      | Noticed a naga
    23 | D:1      | Noticed a draconian
    23 | D:1      | Noticed a vine stalker
    25 | D:1      | Noticed a troll
    25 | D:1      | Noticed a merfolk
    27 | D:1      | Noticed a vampire
    27 | D:1      | Noticed a tengu
   341 | D:1      | Reached skill level 1 in Dodging
   341 | D:1      | Reached XP level 2. HP: 15/15 MP: 3/3
   349 | D:1      | Reached skill level 2 in Short Blades
   349 | D:1      | Reached skill level 5 in Stealth
   415 | D:1      | Reached skill level 2 in Fighting
   415 | D:1      | Reached skill level 2 in Throwing
   730 | D:1      | Reached XP level 3. HP: 18/18 MP: 4/4
   832 | D:1      | Found a faded altar of an unknown god.
  1239 | D:2      | You pick up a book of the Wilderness and begin reading...
  1239 | D:2      | You add the spells Summon Forest, Summon Mana Viper and
                  | Summon Cactus Giant to your library.
  1423 | D:2      | Gained mutation: Your natural rate of healing is unusually
                  | fast. [Vine Stalker growth]
  1423 | D:2      | Reached XP level 4. HP: 16/23 MP: 5/5
  1616 | D:2      | Found a runed translucent door.
  1706 | D:2      | Noticed Crazy Yiuf
  2042 | D:3      | Reached XP level 5. HP: 16/27 MP: 4/6
  2099 | D:3      | You fall into a shaft and drop 2 floors!
  2099 | D:5      | Entered Level 5 of the Dungeon
  2099 | D:5      | Found Xakeuw's Magic Scroll Shop.
  2100 | D:5      | Noticed a phantom
  2121 | D:4      | Reached skill level 3 in Short Blades
  2297 | D:4      | Noticed Grinder
  2354 | D:4      | Noticed a lemure
  2394 | D:3      | Killed a lemure
  2805 | D:3      | Reached skill level 2 in Dodging
  3331 | D:4      | Noticed a lemure
  3332 | D:4      | Noticed a lemure
  3333 | D:4      | Noticed a lemure
  3334 | D:4      | Noticed Pikel
  3356 | D:3      | Killed a lemure
  3387 | D:3      | HP: 2/27 [Pikel/+1 whip of freezing (10)]
  3387 | D:3      | Slain by Pikel

Vanquished Creatures
  2 lemures (D:3)
  A howler monkey (D:4)
  A hound (D:3)
  3 gnolls (D:3)
  3 adders
  3 dart slugs
  6 ball pythons
  7 endoplasms
  3 giant cockroaches
  9 hobgoblins
  4 jackals (D:1)
  8 kobolds
  A quokka (D:1)
  2 bats
  5 frilled lizards
  10 goblins
  3 rats
71 creatures vanquished.

Table legend:
 A = Non-vault XP
 B = Vault XP
 C = Vault XP percentage of total XP
 D = Non-vault monster count
 E = Vault monster count
 F = Vault count percentage of total count
                 A         B        C        D         E       F
            +---------+---------+-------+---------+---------+-------
      Total |     265 |      24 |   8.3 |      57 |      12 |  17.4
            +---------+---------+-------+---------+---------+-------
        D:1 |      45 |       0 |   0.0 |      24 |       0 |   0.0
        D:2 |      33 |      24 |  42.1 |       7 |      12 |  63.2
        D:3 |     123 |       0 |   0.0 |      20 |       0 |   0.0
        D:4 |      64 |       0 |   0.0 |       6 |       0 |   0.0
            +---------+---------+-------+---------+---------+-------

Illustrated notes

Table legend:
 A = Kills in this place as a percentage of kills in entire the game.
 B = Kills by you in this place as a percentage of kills by you in the entire game.
 C = Kills by friends in this place as a percentage of kills by friends in the entire game.
 D = Other kills in this place as a percentage of other kills in the entire game.
 E = Experience gained in this place as a percentage of experience gained in the entire game.
 F = Experience gained in this place divided by the number of levels of this place that you have seen.
                   A       B       C       D       E      F
               +-------+-------+-------+-------+-------+----------------------
         Total | 100.0 | 100.0 |   N/A |   N/A | 100.0 |  57.8
       Dungeon | 100.0 | 100.0 |   N/A |   N/A | 100.0 |  57.8
               +-------+-------+-------+-------+-------+----------------------

Table legend: (Time is in decaauts)
 A = Elapsed time spent in this place.
 B = Non-inter-level travel time spent in this place.
 C = Inter-level travel time spent in this place.
 D = Time resting spent in this place.
 E = Time spent auto-exploring this place.
 F = Levels seen in this place.
 G = Mean time per level.
                   A        B        C        D        E       F      G
               +--------+--------+--------+--------+--------+-----+--------+
         Total |   3379 |   3233 |    146 |    235 |   2427 |   5 |  675.8 |
       Dungeon |   3379 |   3233 |    146 |    235 |   2427 |   5 |  675.8 |
               +--------+--------+--------+--------+--------+-----+--------+

Top non-repeatable levels by time:
     D:2: 1004 daAuts
     D:1: 983 daAuts
     D:3: 863 daAuts
     D:4: 513 daAuts
     D:5: 14 daAuts
